 Dungeon Crawl Stone Soup version 0.21.0-3-g78d12a8 (webtiles) character file.

42 letownia2 the Conjurer (level 3, -2/16 HPs)
             Began as a Vine Stalker Wizard on Jan 15, 2018.
             Slain by a quokka (3 damage)
             ... on level 2 of the Dungeon.
             The game lasted 00:02:15 (1398 turns).

letownia2 the Conjurer (Vine Stalker Wizard)        Turns: 1398, Time: 00:02:16

Health: -2/16      AC:  5    Str: 10    XL:     3   Next: 54%
Magic:  0/8        EV: 10    Int: 18    God:
Gold:   99         SH:  0    Dex: 12    Spells: 1/8 levels left

rFire    . . .     SeeInvis .   (no weapon)
rCold    . . .     Gourm    .   (no shield)
rNeg     . . .     Faith    .   g - +0 ring mail
rPois    .         Spirit   +   b - +0 hat
rElec    .         Reflect  .   (no cloak)
rCorr    .         Harm     .   (no gloves)
MR       .....                  (no boots)
Stlth    +.........             (no amulet)
HPRegen  0.05/turn              (no ring)
MPRegen  0.11/turn              (no ring)

@: no status effects
A: fangs 2, magic shield, antimagic bite, no potion heal 3, rot immunity
a: no special abilities


You were on level 2 of the Dungeon.
You were not hungry.

You visited 1 branch of the dungeon, and saw 4 of its levels.

You collected 99 gold pieces.

Inventory:

Armour
 a - a +0 robe
 b - a +0 hat (worn)
 g - a +0 ring mail (worn)
Wands
 l - a wand of paralysis (6)
 m - a wand of acid (9)
Scrolls
 e - a scroll of identify {unknown}
 j - a scroll of magic mapping {unknown}
 k - 2 scrolls of remove curse {unknown}
Potions
 f - a potion of might {unknown}
 h - a potion of curing {unknown}
 i - a potion of brilliance {unknown}
Books
 c - a book of Minor Magic

   Spells                             Type                      Level
   a - Magic Dart                     Conjuration                  1
   b - Blink                          Translocation                2
   c - Call Imp                       Summoning                    2
   d - Slow                           Hexes                        2
   e - Conjure Flame                  Conjuration/Fire             3
   f - Mephitic Cloud                 Conjuration/Poison/Air       3
Comestibles
 d - a ration


   Skills:
 - Level 1.5 Dodging
 - Level 2.4 Stealth
 - Level 3.2 Spellcasting
 + Level 3.3 Conjurations
   Level 1.0 Summonings
   Level 1.0 Translocations


You had one spell level left.
You knew the following spells:

 Your Spells              Type           Power        Failure   Level  Hunger
a - Magic Dart            Conj           ###.         11%         1    None
b - Mephitic Cloud        Conj/Pois/Air  #.......     61%         3    ###....
c - Conjure Flame         Conj/Fire      #.......     52%         3    ###....


Dungeon Overview and Level Annotations

Branches:
Dungeon (4/15)
 Temple: D:4-7

Altars:

Annotations:
D:4 exclusion: worker ant


Innate Abilities, Weirdness & Mutations

You have extremely sharp teeth.
When hurt, damage is shared between your health and your magic reserves.
Your bite disrupts and absorbs the magic of your enemies.
Potions cannot restore your health.
You are immune to rotting.


Message History

Confirm with . or Enter, or press ? or * to list all spells.
Aiming: Magic Dart
Press: ? - help, Shift-Dir - straight line, f/p - quokka
Aim: a quokka (heavily wounded)
The magic dart hits the quokka.
The quokka is almost dead.
The quokka closely misses you.
You closely miss the quokka.
The quokka is almost dead.
The quokka misses you.
The quokka bites you but does no damage.
Unknown command.
You barely miss the quokka.
The quokka is almost dead.
The quokka barely misses you.
Unknown command.
You closely miss the quokka.
The quokka is almost dead.
The quokka bites you.
You die...

#>
#.
..
#.
##.#
...
#r##
#.@#
##.#
#.#
#..
##.
.>
##


You could see a quokka.

Vanquished Creatures
  3 adders
  A bat (D:1)
  A giant cockroach (D:3)
  2 goblins
  3 hobgoblins
  2 quokkas (D:3)
  2 frilled lizards
  A rat (D:1)
15 creatures vanquished.

Notes
Turn   | Place    | Note
-------+----------+-------------------------------------------
     0 | D:1      | letownia2 the Vine Stalker Wizard began the quest for the Orb.
     0 | D:1      | Reached XP level 1. HP: 9/9 MP: 5/5
   571 | D:2      | Reached XP level 2. HP: 13/13 MP: 4/7
   830 | D:3      | Reached XP level 3. HP: 9/16 MP: 0/8
   843 | D:3      | Learned a level 3 spell: Mephitic Cloud
   847 | D:3      | Learned a level 3 spell: Conjure Flame
  1398 | D:2      | Slain by a quokka

Skill      XL: |  1  2  3 |
---------------+----------+-----
Conjurations   | 2 3 |  3.3
Dodging        | |  1.5
Stealth        | |  2.4
Spellcasting   | |  3.2
Summonings     | |  1.0
Translocations | |  1.0

Action                   || total
-------------------------++-------
Melee: Unarmed           ||    16
       Bite              ||     3
 Cast: Magic Dart        ||    49
  Eat: Chunk             ||     1
Armor: Ring mail         ||    14
       Robe              ||     1
Dodge: Dodged            ||    31
